 Dungeon Crawl Stone Soup version bcrawl-1.21.2-20-g6d45ba5942 (webtiles) character file.

Game seed: 7996118993504849478

80 An17 the Ruffian (level 4, 40/40 HPs)
             Began as a Sand Dwarf Martial Artist on Feb 28, 2020.
             Was a Believer of Wu Jian.
             Got out of the dungeon alive.
             The game lasted 00:06:14 (1900 turns).

An17 the Ruffian (Sand Dwarf Martial Artist)        Turns: 1900, Time: 00:06:15

Health: 40/40      AC: 13    Str: 17    XL:     4   Next: 39%
Magic:  5/5        EV: 10    Int: 10    God:    Wu Jian [**....]
Gold:   136        SH:  0    Dex: 13    Spells: 4/5 levels left

rFire    . . .     SeeInvis .     - Unarmed
rCold    . . .     Gourm    .   (shield restricted)
rNeg     . . .     Faith    .   f - +1 chain mail
rPois    .         Spirit   .   c - +0 helmet
rElec    +         Reflect  .   (no cloak)
rCorr    .         Harm     .   (no gloves)
MR       .....                  a - +2 pair of boots
Stlth    ..........             (no amulet)
HPRegen  0.13/turn              h - ring of insulation
MPRegen  0.09/turn              (no ring)

@: slow
A: small, slowness 1, armour attunement
a: Wall Jump, Serpent's Lash, Renounce Religion


You escaped.
You worshipped Wu Jian.
Wu Jian was pleased with you.
You were not hungry.

You visited 1 branch of the dungeon, and saw 2 of its levels.

You collected 136 gold pieces.

Inventory:

Armour
 a - a +2 pair of boots (worn)
 c - a +0 helmet (worn)
 f - a +1 chain mail (worn)
Jewellery
 h - a ring of insulation (left hand)
Scrolls
 d - 3 scrolls of identify
 g - 2 scrolls of teleportation
 i - a scroll of remove curse
Potions
 b - 4 potions of agility
 j - a potion of brilliance {unknown}
Comestibles
 e - 2 rations {!d}


   Skills:
 + Level 4.1 Fighting
 + Level 1.0 Armour
 + Level 2.8 Dodging
 - Level 0.7 Stealth
 + Level 5.5 Unarmed Combat
 + Level 1.0 Spellcasting
 - Level 0.7 Hexes


You had 4 spell levels left.
You knew the following spells:

 Your Spells              Type           Power        Failure   Level  Hunger
a - Confusing Touch       Hex            #.......     26%         1    ##.....
Your spell library was empty.

Dungeon Overview and Level Annotations

Branches:
Dungeon (2/12)

Altars:
Ru


Innate Abilities, Weirdness & Mutations

You are small and have problems with some larger weapons.
You cover ground slowly.
Armour does not affect your spellcasting.


Message History

You spin and attack the worm repeatedly.
You hit the worm.
You kill the worm!
The Council accepts your kill.
j - a murky ruby potion
Found a scroll of identify.
d - 3 scrolls of identify (gained 1) Done exploring.
You see here a +0 dagger.
You see here a +0 club.
There is a stone staircase leading down here.
You see here a ring mail.
There is a stone staircase leading up here.
You climb upwards.
There is a stone staircase leading down here.
You can't go up here!
There is an open door here.
There is a staircase leading out of the dungeon here.
Are you sure you want to leave the Dungeon?
This will make you lose the game!
You have escaped!

##'##.###.#######
#♣P.P#.#
#........
#P≈.≈#.#
########.
#≈♣..+.#
########.
#≈..≈###
#........ #≈..≈#
#.#####.. #♣.≈P#
#.# #.. #..≈P#
#.# #.. #@.♣≈#
#^# #..
##########.# #..
#..†.....#####..
#........(......
#.############.#
### ###


There were no monsters in sight!

Vanquished Creatures
  An adder (D:2)
  2 oozes
  2 worms (D:2)
  A dart slug (D:1)
  2 leopard geckos (D:1)
  2 orcs (D:2)
  4 ball pythons
  6 bats
  4 giant cockroaches (D:1)
  8 hobgoblins
  6 kobolds
  3 frilled lizards
  5 goblins
  A rat (D:2)
47 creatures vanquished.

Notes
Turn   | Place    | Note
-------+----------+-------------------------------------------
     0 | D:1      | An17 the Sand Dwarf Martial Artist began the quest for the
                  | Orb.
     0 | D:1      | Reached XP level 1. HP: 19/19 MP: 2/2
   145 | D:1      | Reached XP level 2. HP: 26/27 MP: 3/3
   359 | D:1      | Reached skill level 5 in Unarmed Combat
   365 | D:1      | Reached XP level 3. HP: 29/33 MP: 4/4
   943 | D:2      | Reached ** piety under Wu Jian
  1047 | D:2      | Reached XP level 4. HP: 40/40 MP: 5/5
  1085 | D:2      | Reached skill level 1 in Armour
  1507 | D:2      | Found a sacrificial altar of Ru.
  1900 | D:$      | Got out of the dungeon alive.

Skill      XL: |  1  2  3  4 |
---------------+-------------+-----
Unarmed Combat | 5 |  5.5
Fighting       | 4 |  4.1
Armour         | 1 |  1.0
Dodging        | |  2.8
Stealth        | |  0.7
Spellcasting   | |  1.0
Hexes          | |  0.7

Action                   |  1- 3 |  4- 6 || total
-------------------------+-------+-------++-------
Melee: Unarmed           |   108 |    64 ||   172
Invok: Whirlwind         |    52 |    28 ||    80
       Lunge             |    21 |     4 ||    25
  Use: Scroll            |     4 |     1 ||     5
       Potion            |       |     1 ||     1
 Stab: Sleeping          |     1 |       ||     1
  Eat: Chunk             |     1 |       ||     1
       Ration            |       |     1 ||     1
Armor: Robe              |     4 |       ||     4
       Chain mail        |    28 |    25 ||    53
Dodge: Dodged            |    59 |    23 ||    82
